 Dungeon Crawl Stone Soup version 0.18-a0-1243-g9e52518 (webtiles) character file.

7718 Gagarin the Grappler (level 11, -3/111 HPs)
             Began as a Troll Monk on Feb 6, 2016.
             Was a Priest of Ru.
             Slain by an orc warrior
             ... wielding a +1 trident of venom
              (23 damage)
             ... on level 2 of the Orcish Mines.
             The game lasted 00:24:33 (8509 turns).

Gagarin the Grappler (Troll Monk)                   Turns: 8509, Time: 00:24:34

Health: -3/111     AC:  7    Str: 24    XL:     11   Next: 0%
Magic:  10/10      EV: 14    Int:  8    God:    Ru [***...]
Gold:   745        SH:  0    Dex: 13    Spells: 0 memorised, 10 levels left

rFire  . . .     SeeInvis .       - Unarmed
rCold  . . .     Gourm    +     F - +1 robe {Archmagi}
rNeg   . . .     Faith    +     (shield unavailable)
rPois  .         Spirit   .     (helmet restricted)
rElec  .         Dismiss  .     P - +0 cloak
rCorr  .         Reflect  .     (gloves unavailable)
SustAt .         Harm     .     (boots unavailable)
MR     .....                    D - amulet of faith
Stlth  ..........               U - +3 ring of strength
                                (ring unavailable)

@: about to teleport, not resistant to hostile enchantments, extremely
unstealthy
A: unfitting armour, claws 3, fast metabolism 3, gourmand, regeneration 2,
shaggy fur 1, tough skin 2, missing a hand, no stealth
a: Draw Out Power, Renounce Religion


You were on level 2 of the Orcish Mines.
You worshipped Ru.
Ru was most pleased with you.
You were very full.

You visited 2 branches of the dungeon, and saw 11 of its levels.

You collected 745 gold pieces.

Inventory:

Missiles
 r - 5 needles of slowing
 y - 30 poisoned needles
 Q - a throwing net (quivered)
 V - 8 tomahawks of returning
Armour
 a - a +0 robe
 k - a +0 cloak
 F - a +1 robe of the Archmagi (worn)
 P - a +0 cloak (worn)
 X - a +1 robe of cold resistance
Jewellery
 l - an uncursed ring of protection from fire
 u - an uncursed ring of flight
 D - an amulet of faith (around neck)
 N - an uncursed ring of protection from magic
 R - an uncursed ring of magical power
 U - a +3 ring of strength (right claw)
 W - an uncursed ring of ice
Wands
 t - a wand of acid (2/15)
 C - a wand of lightning (7/15)
 J - a wand of slowing (19/48)
 K - a wand of teleportation (0/9)
 L - a wand of flame (16/48)
 O - a wand of paralysis (21/24)
Scrolls
 d - 5 scrolls of identify
 e - a scroll of random uselessness
 f - a scroll of immolation {unknown}
 h - 2 scrolls of magic mapping
 j - a scroll of noise
 o - 2 scrolls of blinking
 q - 2 scrolls of recharging {unknown}
 v - 4 scrolls of teleportation {unknown}
 M - 2 scrolls of enchant armour {unknown}
Potions
 c - 2 potions of flight {unknown}
 g - 6 potions of curing
 i - a potion of might {unknown}
 n - a potion of mutation {unknown}
 p - a potion of magic {unknown}
 x - 3 potions of heal wounds
 z - a potion of invisibility {unknown}
 A - 3 potions of lignification {unknown}
 B - 2 potions of ambrosia
 E - 3 potions of cure mutation {unknown}
 G - a potion of poison {unknown}
 H - a potion of haste {unknown}
 I - 2 potions of brilliance {unknown}
Miscellaneous
 T - a crystal ball of energy
Comestibles
 b - 5 bread rations
 m - 4 meat rations
 s - 3 beef jerkies
 w - 2 slices of pizza
 S - 11 chunks of flesh


   Skills:
 + Level 7.8 Fighting
 + Level 9.5 Dodging
 + Level 10.3 Unarmed Combat


You had 10 spell levels left.
You didn't know any spells.

Dungeon Overview and Level Annotations

Branches:
Dungeon (9/15)             Temple (0/1) D:6             Orc (2/2) D:9
    Elf (0/3) Orc:2
   Lair: D:8-11

Altars:
Cheibriados
Dithmenos
Fedhas
Kikubaaqudgha
Nemelex Xobeh
Okawaru
Pakellas
Ru
Vehumet
Yredelemnul
The Shining One


Innate Abilities, Weirdness & Mutations

You are too large for most types of armour.
You have claws for hands.
Your metabolism is lightning-fast.
You like to eat raw meat.
You heal very quickly.
You are covered in fur (AC +1).
You have very tough skin (AC +2).
You are missing a hand.
You cannot be stealthy.


Message History

The warg is severely wounded.
You feel very sick.
The orc warrior is stunned by your will and fails to attack.
The orc wizard begins to cast a spell, but is stunned by your will!
The warg closely misses you. The orc hits you with a falchion!
* * * LOW HITPOINT WARNING * * *
The orc misses you. The orc closely misses you.
You scratch the warg but do no damage.
The warg is severely wounded.
* * * LOW HITPOINT WARNING * * *
You feel sick. The orc warrior closely misses you. The warg barely misses you.
The orc wizard hits you but does no damage.
The orc hits you with a falchion.
* * * LOW HITPOINT WARNING * * *
You focus your will and illuminate the orc in retribution!
The orc closely misses you.
Drink which item? (? for menu, Esc to quit)
You feel better. The warg misses you. The orc barely misses you.
The orc warrior hits you with a trident of venom!!
You die...

......... .........#
. ........#
..........#
..........#
.<........#
.....#o...#
......o##.#
......o@o.#
##...#oho.#
#.........#
.#........# ###
..........# ...#
.........).# ....##
##.....#....#
...#.###.....#....##
..#...##.........#.#


You could see a warg, an orc warrior, an orc wizard and 4 orcs.

Vanquished Creatures
  Fannar (Orc:1)
  Erica (Orc:1)
  An orc high priest (Orc:1)
  An orc sorcerer (Orc:2)
  Joseph (D:7)
  The ghost of Gagarin the Charmwright, an amateur MfSk (D:3)
  A wyvern (D:9)
  Eustachio (D:4)
  A yak (D:9)
  2 wargs (Orc:1)
  2 black bears
  4 ice beasts
  5 orc warriors
  A sky beast (D:6)
  8 ogres
  2 phantoms
  4 centaurs
  A necrophage (D:9)
  2 giant frogs (D:7)
  A wyvern zombie (D:8)
  2 scorpions
  A water moccasin skeleton (D:7)
  5 wights (D:7)
  A centaur zombie (D:7)
  3 jellies
  8 orc wizards
  A centaur skeleton (D:6)
  2 hounds
  7 orc priests
  4 iguanas
  12 worker ants
  A hound skeleton (D:9)
  Robin (D:3)
  16 adders
  7 gnolls
  2 shadow imps (D:7)
  An ooze (D:4)
  An adder zombie (D:8)
  An adder skeleton (D:6)
  5 worms
  3 giant geckos
  51 orcs
  A ball python (D:2)
  5 bats
  4 giant cockroaches
  17 goblins
  15 hobgoblins
  5 jackals (D:3)
  5 quokkas
  A ball python skeleton (D:5)
  3 giant newts
  2 jackal skeletons
  7 kobolds
  A quokka zombie (D:5)
  7 rats
249 creatures vanquished.

Notes
Turn   | Place    | Note
--------------------------------------------------------------
     0 | D:1      | Gagarin the Troll Monk began the quest for the Orb.
     0 | D:1      | Reached XP level 1. HP: 22/22 MP: 0/0
   157 | D:1      | Reached XP level 2. HP: 29/29 MP: 1/1
   393 | D:1      | Found a sparkling altar of Nemelex Xobeh.
   806 | D:2      | Reached XP level 3. HP: 36/36 MP: 2/2
   838 | D:2      | Found a basalt altar of Yredelemnul.
  1387 | D:2      | Reached XP level 4. HP: 42/45 MP: 3/3
  2031 | D:3      | Noticed Robin
  2039 | D:3      | Reached XP level 5. HP: 49/53 MP: 4/4
  2071 | D:3      | Killed Robin
  2175 | D:3      | Noticed Gagarin's ghost (amateur MfSk)
  2204 | D:3      | Killed Gagarin's ghost
  2204 | D:3      | Reached skill level 5 in Unarmed Combat
  2204 | D:3      | Reached XP level 6. HP: 42/62 MP: 5/5
  2624 | D:4      | Reached XP level 7. HP: 41/68 MP: 6/6
  2646 | D:4      | Noticed Eustachio
  2711 | D:4      | Killed Eustachio
  2711 | D:4      | Reached skill level 5 in Dodging
  3556 | D:5      | Entered Level 5 of the Dungeon
  3567 | D:5      | Reached skill level 6 in Unarmed Combat
  3736 | D:5      | Reached XP level 8. HP: 58/79 MP: 7/7
  4031 | D:5      | Found an ancient bone altar of Kikubaaqudgha.
  4107 | D:5      | Found a sacrificial altar of Ru.
  4129 | D:5      | Became a worshipper of Ru the Awakened
  4306 | D:6      | Gained mutation: You cannot be stealthy. [Ru sacrifice]
  4469 | D:6      | Found an iron altar of Okawaru.
  4645 | D:6      | Reached skill level 5 in Fighting
  4726 | D:6      | Reached skill level 7 in Dodging
  4991 | D:6      | Found a staircase to the Ecumenical Temple.
  5015 | D:6      | Found a snail-covered altar of Cheibriados.
  5024 | D:6      | Reached XP level 9. HP: 88/88 MP: 8/8
  5026 | D:6      | Found an oddly glowing altar of Pakellas.
  5027 | D:6      | Found a sparkling altar of Nemelex Xobeh.
  5030 | D:6      | Found a blossoming altar of Fedhas.
  5146 | D:7      | Noticed Joseph
  5164 | D:7      | Killed Joseph
  5512 | D:7      | Found a shadowy altar of Dithmenos.
  5576 | D:7      | Reached skill level 8 in Unarmed Combat
  5657 | D:7      | Found a glowing golden altar of the Shining One.
  6268 | D:8      | Gained mutation: You are missing a hand. [Ru sacrifice]
  6268 | D:8      | Reached * piety under Ru
  6268 | D:8      | Reached ** piety under Ru
  6268 | D:8      | Reached *** piety under Ru
  6276 | D:8      | Found a basalt altar of Yredelemnul.
  6839 | D:9      | Reached XP level 10. HP: 25/100 MP: 9/9
  7179 | D:9      | Found a staircase to the Orcish Mines.
  7311 | D:9      | Reached skill level 9 in Unarmed Combat
  7562 | D:9      | Found a radiant altar of Vehumet.
  7628 | Orc:1    | Entered Level 1 of the Orcish Mines
  7768 | Orc:1    | Noticed Erica
  7788 | Orc:1    | Killed Erica
  7955 | Orc:1    | Noticed Fannar
  8000 | Orc:1    | Killed Fannar
  8195 | Orc:1    | Noticed an orc high priest
  8208 | Orc:1    | Killed an orc high priest
  8208 | Orc:1    | Reached skill level 10 in Unarmed Combat
  8324 | Orc:2    | Entered Level 2 of the Orcish Mines
  8324 | Orc:2    | Noticed an orc sorcerer
  8333 | Orc:2    | Killed an orc sorcerer
  8463 | Orc:2    | Found a staircase to the Elven Halls.
  8495 | Orc:2    | Reached XP level 11. HP: 84/111 MP: 10/10
  8509 | Orc:2    | Slain by an orc warrior

Vault maps used:
D:1:      evilmike_arrival_hilbert_curve, nemelex_xobeh_ov_fountains_minmay
D:2:      yredelemnul_altar_generic, first_bread, kennysheep_generic_room_2
D:3:      minivault_19, uniq_robin
D:4:      uniq_eustachio
D:5:      kennysheep_mini_moat, nicolae_ru_great_annihilating_truth
D:6:      minitemple, lemuel_round_altar, temple_doors_c
D:7:      nicolae_overflow_crystal_walls, lemuel_doored_altar, uniq_joseph
D:8:      basic_altar
D:9:      marbit_many_paths, orc_0_dummy
Orc:1:    basic_altar, uniq_erica, uniq_fannar, uniq_nergalle
Orc:2:    st_orc_elflike, statue_in_the_mist_lemuel, nicolae_orc_jurassic_orc,
          nicolae_orc_stony_grotto

Action                   |  1- 3 |  4- 6 |  7- 9 | 10-12 || total
-------------------------+-------+-------+-------+-------++-------
Melee: Unarmed           |    86 |   175 |   433 |   187 ||   881
Invok: Sacrifice Stealth |       |       |     1 |       ||     1
       Sacrifice a Hand  |       |       |     1 |       ||     1
Evoke: Wand              |       |       |       |     1 ||     1
  Use: Scroll            |       |       |     5 |     1 ||     6
       Potion            |       |       |     3 |     3 ||     6
 Stab: Sleeping          |     1 |       |     3 |       ||     4
       Paralysed         |       |       |     1 |       ||     1
       Distracted        |       |       |     1 |       ||     1
       Invisible         |       |       |       |     5 ||     5
  Eat: Chunk             |    18 |    12 |    36 |    17 ||    83
